 Dungeon Crawl Stone Soup version 0.18-a0-888-g17a9b31 (webtiles) character file.

169 Jmtri7 the Sneak (level 5, -3/36 HPs)
             Began as a Lacertilian Monk on Jan 1, 2016.
             Was a Priest of Dithmenos.
             Killed by divine providence
             ... invoked by an orc priest
              (12 damage)
             ... on level 5 of the Dungeon on Jan 2, 2016.
             The game lasted 00:13:55 (2571 turns).

Jmtri7 the Sneak (Lacertilian Monk)                 Turns: 2571, Time: 00:13:56

Health: -3/36      AC:  6    Str: 10    XL:     5   Next: 50%
Magic:  4/4        EV: 14    Int: 11    God:    Dithmenos [***...]
Gold:   164        SH:  0    Dex: 18    Spells: 0 memorised, 4 levels left

rFire  . . .     SeeInvis .     q - +0 short sword (drain)
rCold  . . .     Gourm    .     h - +1 robe
rNeg   . . .     Faith    +     (no shield)
rPois  .         Spirit   .     (no helmet)
rElec  .         Dismiss  .     (no cloak)
rCorr  .         Reflect  .     (no gloves)
SustAt .         Harm     .     (no boots)
MR     .....                    c - amulet of faith
Stlth  +++++.....               (no ring)
                                k - ring of wizardry

@: wreathed by umbra, not resistant to hostile enchantments, quite stealthy
A: faith, no wrath for changing religions, slimy green scales 2, camouflage 1,
cold-blooded
a: Shadow Step, Renounce Religion


You were on level 5 of the Dungeon.
You worshipped Dithmenos.
Dithmenos was most pleased with you.
You were near starving.

You visited 1 branch of the dungeon, and saw 6 of its levels.

You collected 164 gold pieces.

Inventory:

Hand Weapons
 q - a +0 short sword of draining (weapon)
Armour
 d - a cursed +0 shield
 h - a +1 robe (worn)
Jewellery
 c - an amulet of faith (around neck)
 k - a ring of wizardry (left hand)
Scrolls
 j - 2 scrolls of fog
 l - a scroll of recharging
Potions
 a - a potion of cure mutation {unknown}
 e - a potion of agility {unknown}
 g - 2 potions of flight
 i - a potion of heal wounds {unknown}
 o - a potion of curing {unknown}
 p - 2 potions of poison {unknown}
Comestibles
 b - 2 bread rations
 f - a beef jerky
 m - 7 fruits
 n - a meat ration


   Skills:
 - Level 3.3 Fighting
 + Level 1.0 Short Blades
 - Level 1.4 Armour
 - Level 3.6 Dodging
 * Level 4.5 Stealth
 - Level 3.2 Unarmed Combat


You had 4 spell levels left.
You didn't know any spells.

Dungeon Overview and Level Annotations

Branches:
Dungeon (6/15)
 Temple: D:4-7

Altars:
Dithmenos
Makhleb
Xom

Annotations:
D:4 Jmtri7's ghost, amateur LaMo
D:5 Jmtri7's ghost, novice LaMo


Innate Abilities, Weirdness & Mutations

You have a strong connection with the divine.
You may change religions without incurring divine wrath.
You are mostly covered in slimy green scales (AC +3).
Your skin changes colour to match your surroundings (Stealth).
You are cold-blooded and may be slowed by cold attacks.


Message History

There is an open door here.
The orc priest casts a cantrip, but nothing happens.
The crimson imp blinks!
You bump into the rock wall.
The crimson imp barely misses you.
You bump into the rock wall.
The crimson imp hits you but does no damage.
You feel less confused. The crimson imp hits you.
* * * LOW HITPOINT WARNING * * *
You hit the crimson imp but do no damage.
The orc wizard mumbles some strange words.
The orc wizard blinks!
The crimson imp hits you but does no damage.
You hit the crimson imp.
The crimson imp is moderately wounded.
The crimson imp grinds its teeth.
The crimson imp misses you.
The orc priest calls down the wrath of Beogh upon you.
Something smites you!
You die...

#..... ....... #...#
#.. ##...########..
#...........)..
#...........>..
#.............. ###
##..<##########
#..########'####..## #
#....@#o............
###.....5{oo........?.
........#oo.o.........
###.....#oo...........
#.....#.............
#.....#..ยง....5.....
##...##......###..##
.... #......# #+#
.....#...o...#


You could see an orc priest, an orc wizard, a crimson imp and 5 orcs.

Vanquished Creatures
  A hound (D:4)
  A worker ant (D:4)
  5 adders
  An adder skeleton (D:5)
  A worm (D:3)
  6 orcs
  2 ball pythons (D:1)
  10 bats
  3 giant cockroaches
  6 goblins
  6 hobgoblins
  4 jackals
  A quokka (D:3)
  3 giant newts
  6 kobolds
  4 rats
60 creatures vanquished.

Notes
Turn   | Place    | Note
--------------------------------------------------------------
     0 | D:1      | Jmtri7 the Lacertilian Monk began the quest for the Orb.
     0 | D:1      | Reached XP level 1. HP: 15/15 MP: 0/0
   121 | D:1      | Reached XP level 2. HP: 17/20 MP: 1/1
   154 | D:2      | Reached skill level 1 in Armour
   235 | D:2      | Found a shadowy altar of Dithmenos.
   245 | D:2      | Became a worshipper of Dithmenos the Shadowed
   245 | D:2      | Reached * piety under Dithmenos
   245 | D:2      | Reached ** piety under Dithmenos
   353 | D:2      | Reached XP level 3. HP: 25/25 MP: 2/2
  1122 | D:3      | Reached XP level 4. HP: 31/31 MP: 3/3
  1534 | D:3      | Found a shimmering altar of Xom.
  1586 | D:4      | Reached *** piety under Dithmenos
  1685 | D:4      | Found a burning altar of Makhleb.
  1720 | D:4      | Reached skill level 4 in Stealth
  1720 | D:4      | Reached XP level 5. HP: 4/36 MP: 4/4
  1999 | D:4      | Noticed Jmtri7's ghost (amateur LaMo)
  2010 | D:4      | Reached skill level 1 in Short Blades
  2063 | D:5      | Entered Level 5 of the Dungeon
  2332 | D:5      | Noticed Jmtri7's ghost (novice LaMo)
  2385 | D:6      | Noticed an ogre
  2571 | D:5      | Killed from afar by an orc priest

Vault maps used:
D:1:      dpeg_arrival_simpleton_c
D:2:      nicolae_overflow_crystal_walls
D:3:      corexii_shack_village, overflow_temple_1_default, first_bread
D:4:      kennysheep_big_flooded_room, makhleb_heckhound_becter,
          nicolae_ru_path_of_blood
D:5:      minmay_temple_entry_overgrown, bh_walls_and_bars, uniq_duvessa
D:6:      lemuel_ice_spiral_2, grunt_temple_overflow_bloody_war,
          small_statue_intersection

Action                   |  1- 3 |  4- 6 || total
-------------------------+-------+-------++-------
Melee: Unarmed           |    55 |       ||    55
       Dagger            |    92 |   190 ||   282
       Trident           |       |     7 ||     7
       Short sword       |       |    59 ||    59
  Use: Scroll            |       |     7 ||     7
 Stab: Sleeping          |    10 |    12 ||    22
  Eat: Bread ration      |       |     1 ||     1
